[ AOE2 MATCH · #459449222 ]
UnrankedVietnamese vs None
Player's team · LOSS
Rival team · WIN
[ REPLAY ANALYSIS · EXTRACTED FROM THE RECORDED GAME ]
Feudal
—
Castle
—
Imperial
—
| APM avg | 25.8 |
| APM peak | 44 |
| eAPM avg | 11.0 |
| Villagers / military | 0 / 352 |
Focus
⚔️ 94.3% · 🌾 5.7%
Archer ×352
Feudal
—
Castle
—
Imperial
—
| APM avg | 65.9 |
| APM peak | 134 |
| eAPM avg | 27.7 |
| Villagers / military | 0 / 0 |
Focus
⚔️ 99.8% · 🌾 0.2%
Feudal
—
Castle
—
Imperial
—
| APM avg | 74.6 |
| APM peak | 119 |
| eAPM avg | 63.8 |
| Villagers / military | 0 / 0 |
Focus
⚔️ 97.5% · 🌾 2.5%
Unknown (2550) ×998
Feudal
—
Castle
—
Imperial
—
| APM avg | 11.2 |
| APM peak | 23 |
| eAPM avg | 5.2 |
| Villagers / military | 0 / 41 |
Focus
⚔️ 97.2% · 🌾 2.8%
Knight ×41
Feudal
—
Castle
—
Imperial
—
| APM avg | 19.2 |
| APM peak | 67 |
| eAPM avg | 16.2 |
| Villagers / military | 0 / 288 |
Focus
⚔️ 93.8% · 🌾 6.2%
Knight ×218 · Battle Elephant ×70
Feudal
—
Castle
—
Imperial
—
| APM avg | 33.6 |
| APM peak | 86 |
| eAPM avg | 13.1 |
| Villagers / military | 0 / 0 |
Focus
⚔️ 80.0% · 🌾 20.0%
Feudal
—
Castle
—
Imperial
—
| APM avg | 18.6 |
| APM peak | 55 |
| eAPM avg | 13.9 |
| Villagers / military | 0 / 217 |
Focus
⚔️ 93.5% · 🌾 6.5%
Knight ×217
Feudal
—
Castle
—
Imperial
—
| APM avg | 38.4 |
| APM peak | 76 |
| eAPM avg | 14.6 |
| Villagers / military | 0 / 0 |
Focus
⚔️ 93.3% · 🌾 6.7%
Match map
Initial resources + every placement click. Lines = walls · curves = elevation contours. ◆ gold · ⬟ stone · ● berries · ✦ relic · ◌ wall gap
Your base· Open — unwalled flank
Carne Asada Burrito's base· Open — unwalled flank
Infected_Nation's base· Open — unwalled flank
SPOK UA's base· ✓ Map-separated
turbines1's base· ✓ Map-separated
DA MOKET's base· Open — unwalled flank
战神cc's base· Open — unwalled flank
Mowei's base· Open — unwalled flank
Smoothed initial terrain · ◌ = detected wall gap · hover for details
Inputs per minute
— Beefcake - - Carne Asada Burrito
Build order — Beefcake
131 actions detected in the replay
| 4:59 | Build | Archery Range |
| 5:00 | Build | Archery Range |
| 5:02 | Build | Archery Range |
| 5:05 | Build | Archery Range |
| 5:32 | Build | Archery Range |
| 5:34 | Build | Archery Range |
| 5:35 | Build | Archery Range |
| 5:37 | Build | Archery Range |
| 5:38 | Build | Archery Range |
| 5:39 | Build | Archery Range |
| 5:42 | Build | Archery Range |
| 5:43 | Build | Archery Range |
| 5:45 | Build | Archery Range |
| 9:51 | Build | Stone Wall |
| 9:58 | Build | Gate |
| 12:26 | Research | Bodkin Arrow |
| 12:26 | Research | Leather Archer Armor |
| 12:27 | Research | Iron Casting |
| 12:27 | Research | Chain Mail Armor |
| 12:27 | Research | Chain Barding Armor |
| 12:32 | Research | Thumb Ring |
| 12:35 | Research | Ballistics |
| 12:36 | Research | Treadmill Crane |
| 12:46 | Research | Crossbowman (upgrade) |
| 12:47 | Create | Archer ×5 |
| 12:48 | Create | Archer ×5 |
| 12:48 | Create | Archer ×5 |
| 12:49 | Create | Archer ×5 |
| 12:49 | Create | Archer ×5 |
| 12:49 | Create | Archer ×5 |
| 12:50 | Create | Archer ×5 |
| 12:50 | Create | Archer ×5 |
| 12:50 | Create | Archer ×5 |
| 12:51 | Create | Archer ×5 |
| 12:51 | Create | Archer ×5 |
| 12:51 | Create | Archer ×5 |
| 12:52 | Create | Archer ×5 |
| 12:52 | Create | Archer ×5 |
| 12:52 | Create | Archer ×5 |
| 12:53 | Create | Archer ×5 |
| 12:53 | Create | Archer ×5 |
| 12:53 | Create | Archer ×5 |
| 12:54 | Create | Archer ×5 |
| 12:54 | Create | Archer ×5 |
| 12:54 | Create | Archer ×5 |
| 15:59 | Research | Guard Tower (upgrade) |
| 16:07 | Create | Archer ×5 |
| 16:08 | Create | Archer ×5 |
| 16:08 | Create | Archer ×5 |
| 16:08 | Create | Archer ×5 |
| 16:09 | Create | Archer ×5 |
| 16:09 | Create | Archer ×5 |
| 16:09 | Create | Archer ×5 |
| 16:10 | Create | Archer ×5 |
| 17:19 | Create | Archer ×5 |
| 17:20 | Create | Archer ×3 |
| 17:21 | Create | Archer |
| 17:59 | Research | Chatras |
| 18:15 | Build | Archery Range |
| 18:17 | Build | Archery Range |
| 18:20 | Create | Archer ×5 |
| 18:21 | Create | Archer ×5 |
| 18:21 | Create | Archer ×5 |
| 18:49 | Create | Archer ×4 |
| 18:49 | Create | Archer ×4 |
| 19:15 | Create | Archer ×5 |
| 19:15 | Create | Archer ×5 |
| 19:16 | Create | Archer ×5 |
| 19:16 | Create | Archer ×4 |
| 19:48 | Create | Archer ×5 |
| 19:48 | Create | Archer ×5 |
| 20:05 | Build | Archery Range |
| 20:07 | Build | Archery Range |
| 20:11 | Research | Spies/Treason |
| 20:14 | Research | Arbalester (upgrade) |
| 20:22 | Research | Chemistry |
| 20:23 | Research | Siege Engineers |
| 20:23 | Research | Careening |
| 20:24 | Research | Keep (upgrade) |
| 20:25 | Research | Arrowslits |
| 20:30 | Research | Tech 621 |
| 20:33 | Research | Paper Money |
| 20:39 | Research | Sappers |
| 20:43 | Research | Paper Money |
| 20:47 | Create | Archer ×5 |
| 20:47 | Create | Archer ×5 |
| 20:48 | Create | Archer ×5 |
| 20:48 | Create | Archer ×5 |
| 20:48 | Create | Archer ×5 |
| 20:49 | Create | Archer ×5 |
| 20:49 | Create | Archer ×5 |
| 20:49 | Create | Archer ×5 |
| 20:50 | Create | Archer |
| 20:50 | Create | Archer |
| 21:09 | Create | Archer ×5 |
| 21:09 | Create | Archer ×5 |
| 21:09 | Create | Archer ×5 |
| 21:10 | Create | Archer ×5 |
| 21:10 | Create | Archer ×5 |
| 21:10 | Create | Archer |
| 21:36 | Research | Bracer |
| 21:36 | Research | Ring Archer Armor |
| 21:37 | Research | Plate Mail Armor |
| 21:38 | Research | Plate Barding Armor |
| 21:54 | Build | Archery Range |
| 21:55 | Build | Archery Range |
| 22:02 | Create | Archer ×5 |
| 22:03 | Create | Archer ×5 |
| 22:03 | Create | Archer ×5 |
| 22:03 | Create | Archer ×5 |
| 22:04 | Create | Archer ×5 |
| 22:04 | Create | Archer ×5 |
| 22:05 | Create | Archer |
| 22:24 | Research | Bombard Tower (upgrade) |
| 22:25 | Research | Dry Dock |
| 22:38 | Build | Stable |
| 22:40 | Build | Stable |
| 22:41 | Build | Stable |
| 22:49 | Create | Archer ×5 |
| 22:49 | Create | Archer ×5 |
| 22:49 | Create | Archer ×5 |
| 22:50 | Create | Archer ×5 |
| 22:50 | Create | Archer ×5 |
| 22:50 | Create | Archer ×5 |
| 22:51 | Create | Archer ×5 |
| 23:00 | Create | Archer ×2 |
| 23:04 | Create | Archer |
| 23:13 | Create | Archer ×5 |
| 23:13 | Create | Archer ×2 |
| 23:18 | Create | Archer |
| 23:19 | Create | Archer |
Build order — Carne Asada Burrito
16 actions detected in the replay
| 12:15 | Build | Stable |
| 12:18 | Build | Barracks |
| 13:22 | Research | Bloodlines |
| 16:44 | Build | Stone Wall |
| 20:20 | Research | Chain Mail Armor |
| 20:20 | Research | Chain Barding Armor |
| 20:21 | Research | Bodkin Arrow |
| 20:21 | Research | Leather Archer Armor |
| 20:22 | Research | Ballistics |
| 20:23 | Research | Treadmill Crane |
| 20:23 | Research | Guard Tower (upgrade) |
| 20:25 | Research | Husbandry |
| 20:28 | Research | Arson |
| 20:28 | Research | Squires |
| 20:30 | Research | Long Swordsman (upgrade) |
| 20:30 | Research | Pikeman (upgrade) |
Build order — Infected_Nation
First 150 of 320 actions detected
| 6:38 | Build | Barracks |
| 6:39 | Build | Barracks |
| 6:40 | Build | Barracks |
| 6:41 | Build | Barracks |
| 6:46 | Build | Barracks |
| 6:52 | Build | Barracks |
| 6:53 | Build | Barracks |
| 6:54 | Build | Barracks |
| 6:55 | Build | Barracks |
| 6:56 | Build | Barracks |
| 8:10 | Research | Tech 1402 |
| 9:58 | Build | Barracks |
| 9:59 | Build | Barracks |
| 10:00 | Build | Barracks |
| 10:01 | Build | Barracks |
| 10:02 | Build | Barracks |
| 10:29 | Research | Iron Casting |
| 10:30 | Research | Chain Mail Armor |
| 10:30 | Research | Bodkin Arrow |
| 10:31 | Research | Leather Archer Armor |
| 10:31 | Research | Leather Archer Armor |
| 10:32 | Research | Treadmill Crane |
| 10:33 | Research | Ballistics |
| 10:33 | Research | Guard Tower (upgrade) |
| 10:34 | Research | Tech 908 |
| 10:35 | Research | Careening |
| 10:36 | Research | Andean Sling |
| 10:46 | Research | Tech 1351 |
| 10:47 | Research | Pikeman (upgrade) |
| 10:47 | Research | Arson |
| 11:29 | Build | Barracks |
| 11:32 | Build | Barracks |
| 11:33 | Build | Barracks |
| 11:34 | Build | Barracks |
| 11:35 | Build | Barracks |
| 11:37 | Build | Barracks |
| 11:38 | Build | Barracks |
| 13:07 | Create | Unit 2550 ×5 |
| 13:07 | Create | Unit 2550 ×5 |
| 13:07 | Create | Unit 2550 ×5 |
| 13:07 | Create | Unit 2550 ×5 |
| 13:07 | Create | Unit 2550 ×5 |
| 13:08 | Create | Unit 2550 ×5 |
| 13:08 | Create | Unit 2550 ×5 |
| 13:08 | Create | Unit 2550 ×5 |
| 13:08 | Create | Unit 2550 ×5 |
| 13:08 | Create | Unit 2550 ×5 |
| 13:08 | Create | Unit 2550 ×5 |
| 13:08 | Create | Unit 2550 ×5 |
| 13:09 | Create | Unit 2550 ×5 |
| 13:09 | Create | Unit 2550 ×5 |
| 13:09 | Create | Unit 2550 ×5 |
| 13:09 | Create | Unit 2550 ×5 |
| 13:09 | Create | Unit 2550 ×5 |
| 13:09 | Create | Unit 2550 ×5 |
| 13:09 | Create | Unit 2550 ×5 |
| 13:10 | Create | Unit 2550 ×5 |
| 13:10 | Create | Unit 2550 ×5 |
| 13:10 | Create | Unit 2550 ×5 |
| 13:10 | Create | Unit 2550 ×5 |
| 13:10 | Create | Unit 2550 ×5 |
| 13:11 | Create | Unit 2550 ×5 |
| 13:11 | Create | Unit 2550 ×5 |
| 13:11 | Create | Unit 2550 ×5 |
| 13:11 | Create | Unit 2550 ×5 |
| 13:11 | Create | Unit 2550 ×5 |
| 13:11 | Create | Unit 2550 ×5 |
| 13:12 | Create | Unit 2550 ×5 |
| 13:12 | Create | Unit 2550 ×5 |
| 13:12 | Create | Unit 2550 ×5 |
| 13:12 | Create | Unit 2550 ×5 |
| 13:12 | Create | Unit 2550 ×5 |
| 13:12 | Create | Unit 2550 ×5 |
| 13:12 | Create | Unit 2550 ×5 |
| 13:13 | Create | Unit 2550 ×5 |
| 13:13 | Create | Unit 2550 ×5 |
| 13:13 | Create | Unit 2550 ×5 |
| 13:13 | Create | Unit 2550 ×5 |
| 13:13 | Create | Unit 2550 ×5 |
| 13:13 | Create | Unit 2550 ×5 |
| 13:14 | Create | Unit 2550 ×5 |
| 13:14 | Create | Unit 2550 ×5 |
| 13:14 | Create | Unit 2550 ×5 |
| 13:14 | Create | Unit 2550 ×5 |
| 13:14 | Create | Unit 2550 ×5 |
| 13:31 | Build | Barracks |
| 13:33 | Build | Barracks |
| 13:38 | Create | Unit 2550 ×5 |
| 13:39 | Create | Unit 2550 ×5 |
| 13:39 | Create | Unit 2550 ×5 |
| 13:39 | Create | Unit 2550 ×5 |
| 13:39 | Create | Unit 2550 ×5 |
| 13:39 | Create | Unit 2550 ×5 |
| 13:39 | Create | Unit 2550 ×5 |
| 13:39 | Create | Unit 2550 ×5 |
| 13:40 | Create | Unit 2550 ×5 |
| 13:40 | Create | Unit 2550 ×5 |
| 13:40 | Create | Unit 2550 ×5 |
| 14:27 | Build | Barracks |
| 14:28 | Build | Barracks |
| 14:28 | Build | Barracks |
| 14:30 | Build | Barracks |
| 14:31 | Build | Barracks |
| 14:32 | Build | Barracks |
| 14:57 | Create | Unit 2550 ×5 |
| 14:57 | Create | Unit 2550 ×5 |
| 14:58 | Create | Unit 2550 ×5 |
| 14:58 | Create | Unit 2550 ×5 |
| 14:58 | Create | Unit 2550 ×5 |
| 14:58 | Create | Unit 2550 ×5 |
| 14:58 | Create | Unit 2550 ×5 |
| 14:58 | Create | Unit 2550 ×5 |
| 14:59 | Create | Unit 2550 ×5 |
| 14:59 | Create | Unit 2550 ×5 |
| 14:59 | Create | Unit 2550 ×5 |
| 14:59 | Create | Unit 2550 ×5 |
| 14:59 | Create | Unit 2550 ×5 |
| 14:59 | Create | Unit 2550 ×5 |
| 14:59 | Create | Unit 2550 ×5 |
| 15:33 | Create | Unit 2550 ×5 |
| 15:33 | Create | Unit 2550 ×5 |
| 15:33 | Create | Unit 2550 ×5 |
| 15:33 | Create | Unit 2550 ×5 |
| 15:34 | Create | Unit 2550 ×5 |
| 15:34 | Create | Unit 2550 ×5 |
| 15:34 | Create | Unit 2550 ×5 |
| 15:34 | Create | Unit 2550 ×5 |
| 15:34 | Create | Unit 2550 ×5 |
| 15:34 | Create | Unit 2550 ×5 |
| 15:54 | Create | Unit 2550 ×5 |
| 15:54 | Create | Unit 2550 ×5 |
| 15:54 | Create | Unit 2550 ×5 |
| 15:54 | Create | Unit 2550 ×5 |
| 15:55 | Create | Unit 2550 ×5 |
| 15:55 | Create | Unit 2550 ×5 |
| 15:55 | Create | Unit 2550 ×5 |
| 15:55 | Create | Unit 2550 ×5 |
| 16:04 | Build | Barracks |
| 16:05 | Build | Barracks |
| 16:06 | Build | Barracks |
| 16:06 | Build | Barracks |
| 16:07 | Build | Barracks |
| 16:08 | Build | Barracks |
| 16:15 | Build | Barracks |
| 16:18 | Build | Barracks |
| 16:19 | Build | Barracks |
| 16:20 | Build | Barracks |
| 16:21 | Build | Barracks |
| 16:22 | Build | Barracks |
| 16:23 | Build | Barracks |
Build order — SPOK UA
60 actions detected in the replay
| 7:56 | Research | Iron Casting |
| 7:57 | Research | Chain Mail Armor |
| 7:57 | Research | Leather Archer Armor |
| 7:58 | Research | Bodkin Arrow |
| 8:02 | Research | Ballistics |
| 11:38 | Build | Stone Wall |
| 11:49 | Build | Stable |
| 11:50 | Build | Stable |
| 16:05 | Research | Tech 455 |
| 16:10 | Research | Guard Tower (upgrade) |
| 16:11 | Research | Tech 908 |
| 16:27 | Build | Archery Range |
| 16:28 | Build | Archery Range |
| 17:30 | Research | Husbandry |
| 17:36 | Create | Knight |
| 17:36 | Create | Knight |
| 17:36 | Create | Knight |
| 17:36 | Create | Knight |
| 17:37 | Create | Knight |
| 17:37 | Create | Knight |
| 17:45 | Build | Stable |
| 17:47 | Build | Stable |
| 17:48 | Build | Stable |
| 17:50 | Build | Stable |
| 18:35 | Build | Barracks |
| 18:38 | Build | Barracks |
| 18:39 | Build | Barracks |
| 18:40 | Build | Barracks |
| 18:54 | Build | Stable |
| 19:55 | Create | Knight ×5 |
| 19:55 | Create | Knight ×5 |
| 19:56 | Create | Knight ×5 |
| 19:56 | Create | Knight ×5 |
| 19:57 | Create | Knight ×5 |
| 19:57 | Create | Knight ×5 |
| 19:57 | Create | Knight ×5 |
| 21:18 | Research | Spies/Treason |
| 21:19 | Research | Druzhina |
| 21:20 | Research | Elite Boyar (upgrade) |
| 21:24 | Research | Pikeman (upgrade) |
| 21:24 | Research | Squires |
| 21:25 | Research | Long Swordsman (upgrade) |
| 21:29 | Research | Heavy Cavalry Archer (upgrade) |
| 21:30 | Research | Elite Skirmisher (upgrade) |
| 21:30 | Research | Crossbowman (upgrade) |
| 21:34 | Research | Cavalier (upgrade) |
| 21:37 | Research | Conscription |
| 21:42 | Research | Plate Barding Armor |
| 21:43 | Research | Ring Archer Armor |
| 21:43 | Research | Blast Furnace |
| 21:44 | Research | Plate Mail Armor |
| 21:48 | Research | Siege Engineers |
| 21:48 | Research | Chemistry |
| 24:14 | Build | Siege Workshop |
| 24:15 | Build | Siege Workshop |
| 24:17 | Build | Siege Workshop |
| 24:41 | Research | Two-Handed Swordsman (upgrade) |
| 24:41 | Research | Halberdier (upgrade) |
| 24:59 | Build | Siege Workshop |
| 25:00 | Build | Siege Workshop |
Build order — turbines1
First 150 of 321 actions detected
| 3:58 | Build | Stable |
| 4:00 | Build | Stable |
| 5:04 | Build | Stable |
| 5:09 | Research | Husbandry |
| 5:12 | Create | Knight |
| 5:12 | Create | Knight |
| 5:12 | Create | Knight |
| 5:13 | Create | Knight |
| 5:13 | Create | Knight |
| 5:13 | Create | Knight |
| 5:13 | Create | Knight |
| 5:14 | Create | Knight |
| 5:14 | Create | Knight |
| 5:14 | Create | Knight |
| 5:15 | Create | Knight |
| 5:15 | Create | Knight |
| 5:15 | Create | Knight |
| 5:15 | Create | Knight |
| 5:16 | Create | Knight |
| 5:16 | Create | Knight |
| 5:48 | Research | Treadmill Crane |
| 5:49 | Research | Ballistics |
| 5:50 | Research | Guard Tower (upgrade) |
| 5:51 | Research | Tech 909 |
| 5:55 | Research | Bodkin Arrow |
| 5:58 | Research | Leather Archer Armor |
| 6:07 | Create | Knight |
| 6:07 | Create | Knight |
| 6:08 | Create | Knight |
| 6:08 | Create | Knight |
| 6:08 | Create | Knight |
| 6:09 | Create | Knight |
| 6:09 | Create | Knight |
| 6:09 | Create | Knight |
| 6:09 | Create | Knight |
| 6:10 | Create | Knight |
| 6:10 | Create | Knight |
| 6:10 | Create | Knight |
| 6:11 | Create | Knight |
| 6:11 | Create | Knight |
| 6:11 | Create | Knight |
| 6:14 | Create | Knight |
| 6:14 | Create | Knight |
| 6:14 | Create | Knight |
| 6:15 | Create | Knight |
| 6:15 | Create | Knight |
| 6:15 | Create | Knight |
| 6:16 | Create | Knight |
| 6:16 | Create | Knight |
| 6:16 | Create | Knight |
| 6:16 | Create | Knight |
| 6:17 | Create | Knight |
| 6:17 | Create | Knight |
| 6:17 | Create | Knight |
| 6:27 | Build | Stable |
| 6:29 | Build | Stable |
| 6:34 | Build | Stable |
| 6:37 | Build | Stable |
| 6:39 | Build | Stable |
| 6:41 | Build | Stable |
| 6:43 | Build | Stable |
| 6:45 | Build | Stable |
| 6:47 | Build | Stable |
| 8:32 | Create | Knight |
| 8:32 | Create | Knight |
| 8:32 | Create | Knight |
| 8:33 | Create | Knight |
| 8:33 | Create | Knight |
| 8:33 | Create | Knight |
| 8:34 | Create | Knight |
| 8:34 | Create | Knight |
| 8:34 | Create | Knight |
| 8:34 | Create | Knight |
| 8:35 | Create | Knight |
| 8:35 | Create | Knight |
| 8:35 | Create | Knight |
| 8:36 | Create | Knight |
| 8:40 | Create | Knight |
| 8:40 | Create | Knight |
| 8:40 | Create | Knight |
| 8:40 | Create | Knight |
| 8:41 | Create | Knight |
| 8:41 | Create | Knight |
| 8:41 | Create | Knight |
| 8:42 | Create | Knight |
| 8:42 | Create | Knight |
| 8:42 | Create | Knight |
| 8:42 | Create | Knight |
| 8:43 | Create | Knight |
| 8:43 | Create | Knight |
| 8:46 | Create | Knight |
| 8:46 | Create | Knight |
| 8:46 | Create | Knight |
| 8:47 | Create | Knight |
| 8:47 | Create | Knight |
| 8:47 | Create | Knight |
| 8:47 | Create | Knight |
| 8:48 | Create | Knight |
| 8:48 | Create | Knight |
| 8:48 | Create | Knight |
| 8:49 | Create | Knight |
| 8:49 | Create | Knight |
| 8:50 | Create | Knight |
| 8:50 | Create | Knight |
| 8:50 | Create | Knight |
| 8:51 | Create | Knight |
| 8:51 | Create | Knight |
| 8:51 | Create | Knight |
| 8:52 | Create | Knight |
| 8:52 | Create | Knight |
| 8:52 | Create | Knight |
| 8:53 | Create | Knight |
| 8:53 | Create | Knight |
| 8:53 | Create | Knight |
| 8:54 | Create | Knight |
| 8:54 | Create | Knight |
| 8:55 | Create | Knight |
| 8:55 | Create | Knight |
| 8:55 | Create | Knight |
| 8:55 | Create | Knight |
| 8:56 | Create | Knight |
| 8:58 | Create | Knight |
| 8:58 | Create | Knight |
| 8:58 | Create | Knight |
| 8:58 | Create | Knight |
| 8:58 | Create | Knight |
| 9:00 | Create | Knight |
| 9:00 | Create | Knight |
| 9:00 | Create | Knight |
| 9:00 | Create | Knight |
| 9:45 | Create | Knight |
| 9:46 | Create | Knight |
| 9:46 | Create | Knight |
| 9:46 | Create | Knight |
| 9:46 | Create | Knight |
| 9:47 | Create | Knight |
| 9:47 | Create | Knight |
| 9:47 | Create | Knight |
| 9:48 | Create | Knight |
| 9:48 | Create | Knight |
| 9:48 | Create | Knight |
| 9:48 | Create | Knight |
| 9:49 | Create | Knight |
| 9:49 | Create | Knight |
| 9:49 | Create | Knight |
| 9:49 | Create | Knight |
| 12:09 | Create | Knight |
| 12:09 | Create | Knight |
| 12:10 | Create | Knight |
| 12:10 | Create | Knight |
Build order — DA MOKET
0 actions detected in the replay
Build order — 战神cc
105 actions detected in the replay
| 11:12 | Build | Barracks |
| 11:15 | Build | Barracks |
| 11:16 | Build | Barracks |
| 11:18 | Build | Barracks |
| 11:19 | Build | Barracks |
| 11:20 | Build | Barracks |
| 11:40 | Build | Stable |
| 11:42 | Build | Stable |
| 11:44 | Build | Stable |
| 12:28 | Research | Bloodlines |
| 12:28 | Research | Husbandry |
| 12:28 | Research | Bloodlines |
| 12:28 | Research | Husbandry |
| 12:30 | Research | Bodkin Arrow |
| 12:31 | Research | Chain Barding Armor |
| 12:31 | Research | Chain Barding Armor |
| 12:34 | Research | Leather Archer Armor |
| 12:34 | Research | Leather Archer Armor |
| 12:34 | Research | Iron Casting |
| 12:35 | Research | Chain Mail Armor |
| 12:35 | Research | Chain Barding Armor |
| 12:35 | Research | Chain Barding Armor |
| 13:03 | Create | Knight ×5 |
| 13:04 | Create | Knight ×5 |
| 13:04 | Create | Knight ×5 |
| 13:04 | Create | Knight ×5 |
| 13:05 | Create | Knight ×5 |
| 13:05 | Create | Knight ×5 |
| 13:05 | Create | Knight ×3 |
| 13:10 | Build | Stable |
| 13:16 | Build | Stable |
| 13:17 | Build | Stable |
| 13:19 | Build | Stable |
| 13:21 | Build | Stable |
| 13:23 | Build | Stable |
| 13:35 | Build | Stable |
| 13:45 | Build | Stable |
| 14:00 | Create | Knight ×5 |
| 14:01 | Create | Knight ×5 |
| 14:01 | Create | Knight ×5 |
| 14:01 | Create | Knight ×5 |
| 14:02 | Create | Knight ×5 |
| 14:02 | Create | Knight ×4 |
| 14:16 | Research | Ballistics |
| 14:18 | Research | Guard Tower (upgrade) |
| 14:19 | Research | Careening |
| 14:19 | Research | Tech 908 |
| 14:20 | Research | Tech 909 |
| 14:20 | Research | Tech 909 |
| 14:27 | Create | Knight ×5 |
| 14:27 | Create | Knight ×5 |
| 14:28 | Create | Knight ×5 |
| 14:28 | Create | Knight ×5 |
| 14:28 | Create | Knight ×5 |
| 15:01 | Create | Knight ×5 |
| 15:02 | Create | Knight ×5 |
| 15:52 | Research | Blast Furnace |
| 15:52 | Research | Bracer |
| 15:53 | Research | Ring Archer Armor |
| 15:53 | Research | Ring Archer Armor |
| 15:58 | Research | Chain Mail Armor |
| 15:58 | Research | Chain Mail Armor |
| 16:01 | Research | Spies/Treason |
| 16:02 | Research | Spies/Treason |
| 16:04 | Research | Elite Composite Bowman (upgrade) |
| 16:04 | Research | Conscription |
| 16:05 | Research | Conscription |
| 16:05 | Research | Fereters |
| 16:14 | Research | Conscription |
| 16:14 | Research | Fereters |
| 16:15 | Research | Fereters |
| 16:16 | Research | Sappers |
| 16:38 | Research | Cavalier (upgrade) |
| 16:38 | Research | Cavalier (upgrade) |
| 17:43 | Create | Knight ×5 |
| 17:43 | Create | Knight ×5 |
| 17:44 | Create | Knight ×5 |
| 17:44 | Create | Knight ×5 |
| 17:45 | Create | Knight ×5 |
| 17:45 | Create | Knight ×5 |
| 17:45 | Create | Knight ×5 |
| 17:46 | Create | Knight ×5 |
| 18:07 | Research | Chemistry |
| 18:08 | Research | Chemistry |
| 18:09 | Research | Dry Dock |
| 18:09 | Research | Tech 907 |
| 18:35 | Create | Knight ×5 |
| 18:36 | Create | Knight ×5 |
| 18:36 | Create | Knight ×5 |
| 18:36 | Create | Knight ×5 |
| 18:36 | Create | Knight ×5 |
| 18:37 | Create | Knight ×5 |
| 18:37 | Create | Knight ×5 |
| 18:37 | Create | Knight ×5 |
| 18:38 | Create | Knight ×5 |
| 18:38 | Create | Knight ×5 |
| 18:38 | Create | Knight ×5 |
| 19:47 | Build | Stone Wall |
| 19:53 | Build | Stone Wall |
| 20:05 | Build | Palisade Wall |
| 20:32 | Create | Knight ×5 |
| 20:33 | Create | Knight ×5 |
| 20:33 | Create | Knight ×5 |
| 20:33 | Create | Knight ×5 |
| 20:34 | Create | Knight ×5 |
Build order — Mowei
13 actions detected in the replay
| 22:53 | Research | Silk Road |
| 22:54 | Research | Treadmill Crane |
| 22:55 | Research | Ballistics |
| 22:55 | Research | Guard Tower (upgrade) |
| 22:56 | Research | Tech 909 |
| 22:57 | Research | Tech 908 |
| 22:58 | Research | Careening |
| 23:00 | Research | Chain Mail Armor |
| 23:00 | Research | Leather Archer Armor |
| 23:00 | Research | Leather Archer Armor |
| 23:01 | Research | Bodkin Arrow |
| 23:01 | Research | Iron Casting |
| 23:02 | Research | Chain Barding Armor |
Match timeline
| 3:58 | turbines1 · first_building Stable |
| 4:59 | Beefcake · first_building Archery Range |
| 6:38 | Infected_Nation · first_building Barracks |
| 9:51 | Beefcake · wall_segment Stone Wall x13 |
| 11:12 | 战神cc · first_building Barracks |
| 11:38 | SPOK UA · wall_segment Stone Wall x14 |
| 11:40 | 战神cc · first_building Stable |
| 11:49 | SPOK UA · first_building Stable |
| 12:15 | Carne Asada Burrito · first_building Stable |
| 12:18 | Carne Asada Burrito · first_building Barracks |
| 16:27 | SPOK UA · first_building Archery Range |
| 16:44 | Carne Asada Burrito · wall_segment Stone Wall x12 |
| 18:35 | SPOK UA · first_building Barracks |
| 19:47 | 战神cc · wall_segment Stone Wall x1 |
| 19:53 | 战神cc · wall_segment Stone Wall x1 |
| 20:05 | 战神cc · wall_segment Palisade Wall x1 |
| 20:51 | turbines1 · wall_segment Stone Wall x13 |
| 21:26 | 战神cc · resign |
| 22:38 | Beefcake · first_building Stable |
| 24:14 | SPOK UA · first_building Siege Workshop |
[ AI ANALYSIS · 1 CREDIT ]
What really happened in this match?
Wolo.gg analyzes every decision: build order, eco, micro, common mistakes by bracket. Personalized analysis on WhatsApp or Discord in 30 seconds.
Civ guide
Vietnamese
Perfil
Jugador #14503022